 Dungeon Crawl Stone Soup version 0.30-a0-883-g5ad918d77d (webtiles) character file.

Game seed: 7578514871078312895

910 Darkkill the Shooter (level 7, 0/62 HPs)
             Began as a Minotaur Hunter on Mar 16, 2023.
             Was an Initiate of Gozag.
             Slain by an orc warrior
             ... wielding a +0 halberd
              (9 damage)
             ... on level 6 of the Dungeon.
             The game lasted 00:06:29 (4262 turns).

Darkkill the Shooter (Minotaur Hunter)              Turns: 4262, Time: 00:06:29

Health: 0/62       AC:  6    Str: 16    XL:     7   Next: 81%
Magic:  6/6        EV: 14    Int:  6    God:    Gozag
Gold:   904        SH:  0    Dex: 17    Spells: 6/6 levels left

rFire   . . .      SeeInvis .    a - +1 shortbow
rCold   . . .      Faith    .    (shield currently unavailable)
rNeg    . . .      Spirit   .    c - +1 leather armour
rPois   .          Reflect  .    h - +1 hat
rElec   .          Rampage  .    (no cloak)
rCorr   .                        (no gloves)
Will    +....                    m - +0 pair of boots of Cipunuw {Will+ Regen+ Dex+2}
Stlth   +++                      (no amulet)
HPRegen 1.10/turn                (no ring)
MPRegen 0.10/turn                (no ring)

@: no status effects
A: horns 2, retaliatory headbutt
a: Renounce Religion, Potion Petition, Call Merchant, Bribe Branch


You were on level 6 of the Dungeon.
You worshipped Gozag.
Gozag was pleased with you.
You visited 2 branches of the dungeon, and saw 7 of its levels.

You collected 1996 gold pieces.
You paid 1092 gold pieces to Gozag.

Inventory:

Hand Weapons
 a - a +1 shortbow (weapon)
Missiles
 d - 56 stones
 f - 12 boomerangs
 v - 2 javelins
Armour
 c - a +1 leather armour (worn)
 h - a +1 hat (worn)
 m - the +0 pair of boots of Cipunuw (worn) {Will+ Regen+ Dex+2}
   (You found it on level 4 of the Dungeon)

   Dex:       It affects your dexterity (+2).
   Regen:     It increases your rate of health regeneration.
   Will:      It increases your willpower.
Scrolls
 b - 2 scrolls of immolation
 e - 3 scrolls of butterflies
 r - 3 scrolls of teleportation
Potions
 g - 2 potions of resistance {unknown}
 i - a potion of brilliance {unknown}
 k - a potion of haste {unknown}
 p - a potion of flight {unknown}
 q - 2 potions of degeneration {unknown}
 u - a potion of cancellation {unknown}


   Skills:
 + Level 5.8 Fighting
 + Level 6.5 Ranged Weapons
 + Level 5.3 Dodging
 + Level 4.0 Stealth


You had 6 spell levels left.
You didn't know any spells.
Your spell library contained the following spells:

 Spells                   Type           Power      Damage    Failure   Level
 Necrotise                Necr           0%         1d4       52%         1
 Sublimation of Blood     Necr           0%         N/A       67%         2
 Vampiric Draining        Necr           0%         2d6       88%         3
 Petrify                  Tmut/Erth      0%         N/A       99%         4
 Agony                    Necr           0%         N/A       100%        5
 Irradiate                Conj/Tmut      0%         3d11      100%        5


Dungeon Overview and Level Annotations

Branches:
Dungeon (6/15)             Temple (1/1) D:4

Altars:
Cheibriados
Dithmenos
Elyvilon
Gozag
Hepliaklqana
Kikubaaqudgha
Nemelex Xobeh
Okawaru
Qazlal
Ru
Sif Muna
Trog
Uskayaw
Vehumet
Wu Jian
Xom
Yredelemnul
Zin
The Shining One

Shops:
D:1 (   D:4 (   D:5 (


Innate Abilities, Weirdness & Mutations

You have a pair of horns on your head.
You reflexively headbutt those who attack you in melee.


Message History

The orc shouts!
The orc warrior shouts!
The arrow hits the orc.
The orc is no longer distracted by gold.
The orc is heavily wounded.
The orc warrior is no longer distracted by gold.
Fire: a) +1 shortbow
Press: ? - help, Q - select action, (/) - cycle Shift-Dir - straight line, f/p - orc
Aim: an orc, wielding a +0 trident and wearing a +0 leather armour (heavily wounded, 66% to hit)
You shoot an arrow. The arrow closely misses the orc.
Fire: a) +1 shortbow
Press: ? - help, Q - select action, (/) - cycle Shift-Dir - straight line, f/p - orc
Aim: an orc, wielding a +0 trident and wearing a +0 leather armour (heavily wounded, 66% to hit)
You shoot an arrow. The arrow hits the orc.
You kill the orc!
Fire: a) +1 shortbow
Press: ? - help, Q - select action, (/) - cycle Shift-Dir - straight line, f - orc warrior
Aim: an orc warrior, wielding a +0 halberd, wearing a +0 chain mail and quivering boomerangs (moderately wounded, 63% to hit)
You shoot an arrow. The arrow hits the orc warrior.
The orc warrior is heavily wounded.
The orc warrior throws a boomerang.
The boomerang hits you!
* * * LOW HITPOINT WARNING * * *
Fire: a) +1 shortbow
Press: ? - help, Q - select action, (/) - cycle Shift-Dir - straight line, f/p - orc warrior
Aim: an orc warrior, wielding a +0 halberd, wearing a +0 chain mail and quivering boomerangs (heavily wounded, 63% to hit)
You shoot an arrow.
The arrow barely misses the orc warrior.
The orc warrior closely misses you. The orc warrior barely misses you.
Read: scroll of fear
Press: ? - help, Q - select action, (/) - cycle Dir - look around, f - activate Look: an orc warrior, wielding a +0 halberd, wearing a +0 chain mail and quivering boomerangs (heavily wounded, chance to affect: 97%)
As you read the scroll of fear, it crumbles to dust.
You assume a fearsome visage.
The orc warrior looks frightened!
Fire: a) +1 shortbow
Press: ? - help, Q - select action, (/) - cycle Shift-Dir - straight line, f/p - orc warrior
Aim: an orc warrior, wielding a +0 halberd, wearing a +0 chain mail and quivering boomerangs (heavily wounded, fleeing, 63% to hit)
You shoot an arrow.
The arrow closely misses the orc warrior.
Fire: a) +1 shortbow
Press: ? - help, Q - select action, (/) - cycle Shift-Dir - straight line, f/p - orc warrior
Aim: an orc warrior, wielding a +0 halberd, wearing a +0 chain mail and quivering boomerangs (heavily wounded, fleeing, 63% to hit)
You shoot an arrow.
The arrow closely misses the orc warrior.
Fire: a) +1 shortbow
Press: ? - help, Q - select action, (/) - cycle Shift-Dir - straight line, f/p - orc warrior
Aim: an orc warrior, wielding a +0 halberd, wearing a +0 chain mail and quivering boomerangs (heavily wounded, fleeing, 63% to hit)
You shoot an arrow.
The arrow hits the orc warrior but does no damage.
Your attack snaps the orc warrior out of its fear.
The orc warrior is heavily wounded.
Fire: a) +1 shortbow
Press: ? - help, Q - select action, (/) - cycle Shift-Dir - straight line, f/p - orc warrior
Aim: an orc warrior, wielding a +0 halberd, wearing a +0 chain mail and quivering boomerangs (heavily wounded, 63% to hit)
You shoot an arrow.
The arrow hits the orc warrior but does no damage.
The orc warrior is heavily wounded.
The orc warrior throws a boomerang.
The boomerang hits you.
* * * LOW HITPOINT WARNING * * *
Fire: a) +1 shortbow
Press: ? - help, Q - select action, (/) - cycle Shift-Dir - straight line, f/p - orc warrior
Aim: an orc warrior, wielding a +0 halberd, wearing a +0 chain mail and quivering boomerangs (heavily wounded, 63% to hit)
You shoot an arrow. The arrow hits the orc warrior.
The orc warrior is heavily wounded.
Fire: a) +1 shortbow
Press: ? - help, Q - select action, (/) - cycle Shift-Dir - straight line, f/p - orc warrior
Aim: an orc warrior, wielding a +0 halberd, wearing a +0 chain mail and quivering boomerangs (heavily wounded, 63% to hit)
You shoot an arrow.
The arrow hits the orc warrior but does no damage.
The orc warrior is heavily wounded.
The orc warrior barely misses you.
Fire: a) +1 shortbow
Press: ? - help, Q - select action, (/) - cycle Shift-Dir - straight line, f/p - orc warrior
Aim: an orc warrior, wielding a +0 halberd, wearing a +0 chain mail and quivering boomerangs (heavily wounded, 63% to hit)
You shoot an arrow.
The arrow closely misses the orc warrior.
The orc warrior throws a boomerang.
The boomerang hits you!
* * * LOW HITPOINT WARNING * * *
Fire: a) +1 shortbow
Press: ? - help, Q - select action, (/) - cycle Shift-Dir - straight line, f/p - orc warrior
Aim: an orc warrior, wielding a +0 halberd, wearing a +0 chain mail and quivering boomerangs (heavily wounded, 63% to hit)
You shoot an arrow.
The arrow barely misses the orc warrior.
The orc warrior hits you from afar with a +0 halberd.
* * * LOW HITPOINT WARNING * * *
Fire: a) +1 shortbow
Press: ? - help, Q - select action, (/) - cycle Shift-Dir - straight line, f/p - orc warrior
Aim: an orc warrior, wielding a +0 halberd, wearing a +0 chain mail and quivering boomerangs (heavily wounded, 63% to hit)
Okay, then.
As you read the scroll of fog, it crumbles to dust.
The scroll dissolves into smoke.
The orc warrior misses you.
Fire: a) +1 shortbow
Press: ? - help, Q - select action, (/) - cycle Shift-Dir - straight line, f/p - orc warrior
Aim: an orc warrior, wielding a +0 halberd, wearing a +0 chain mail and quivering boomerangs (blue smoke, heavily wounded, 63% to hit)
You shoot an arrow. The arrow hits the orc warrior.
The orc warrior is severely wounded.
The orc warrior misses you.
The orc warrior hits you from afar with a +0 halberd!
You die...
Your body crumbles into a pile of gold.

. ## # .. ..
.## <..##.###
...#
......#@##...#
.....§§§§§..#
....##§o§§###
#. #§.§§.#
#....$$......#
#....$.......#
.......$......(
..............#
.............##


You could see an orc warrior.

Vanquished Creatures
  An ogre (D:5)
  2 phantoms
  A scorpion (D:5)
  2 jellies (D:5)
  4 hounds
  An orc priest (D:5)
  Jessica (D:2)
  2 iguanas
  A sleepcap (D:5)
  2 orc wizards
  6 gnolls
  7 adders
  2 ufetubi
  2 adder skeletons (D:2)
  2 worms (D:2)
  4 dart slugs
  18 orcs
  4 ball pythons
  A bat skeleton (D:2)
  11 endoplasms
  3 giant cockroaches
  2 goblins (D:2)
  8 hobgoblins
  4 quokkas
  A ball python zombie (D:2)
  5 bats
  5 frilled lizards
  7 kobolds
  A quokka skeleton (D:2)
  7 rats
117 creatures vanquished.

Vanquished Creatures (others)
  3 withered plants (D:2)
3 creatures vanquished.

Grand Total: 120 creatures vanquished

Notes
Turn   | Place    | Note
-------+----------+-------------------------------------------
     0 | D:1      | Darkkill the Minotaur Hunter began the quest for the Orb.
     0 | D:1      | Reached XP level 1. HP: 18/18 MP: 0/0
   114 | D:1      | Reached skill level 1 in Stealth
   197 | D:1      | Reached XP level 2. HP: 25/25 MP: 1/1
   283 | D:1      | Found Otamum's Antique Weapon Shoppe.
   702 | D:2      | Reached XP level 3. HP: 9/31 MP: 2/2
   948 | D:2      | Noticed Jessica
   950 | D:2      | Killed Jessica
   951 | D:2      | Reached XP level 4. HP: 38/38 MP: 3/3
   984 | D:2      | Reached skill level 5 in Ranged Weapons
  1570 | D:2      | Reached XP level 5. HP: 39/46 MP: 4/4
  2210 | D:3      | Found a stormy altar of Qazlal.
  2262 | D:3      | Identified a scroll of acquirement
  2262 | D:3      | Acquired 739 gold pieces
  2310 | D:4      | Found a staircase to the Ecumenical Temple.
  2324 | Temple   | Entered the Ecumenical Temple
  2334 | Temple   | Became a worshipper of Gozag Ym Sagoz the Greedy
  2366 | D:4      | Identified the +0 pair of boots of Cipunuw {Will+ Regen+
                  | Dex+2}
  2447 | D:4      | Reached XP level 6. HP: 19/53 MP: 5/5
  3270 | D:5      | Entered Level 5 of the Dungeon
  3283 | D:5      | Acquired 841 gold pieces
  3331 | D:5      | Reached skill level 5 in Fighting
  3331 | D:5      | Reached skill level 6 in Ranged Weapons
  3331 | D:5      | Reached XP level 7. HP: 42/61 MP: 6/6
  3581 | D:5      | Reached skill level 5 in Dodging
  4106 | D:5      | Found an ornate altar of the Wu Jian Council.
  4241 | D:6      | HP: 9/62 [orc warrior/+0 halberd (11)]
  4248 | D:6      | HP: 8/62 [orc warrior/boomerang (11)]
  4255 | D:6      | HP: 12/62 [orc warrior/boomerang (4)]
  4259 | D:6      | HP: 5/62 [orc warrior/+0 halberd (6)]
  4262 | D:6      | Slain by an orc warrior

Illustrated notes

Levels and vault maps discovered:
D:1:      minmay_arrival_shattered_statue, layout_basic, serial_shops, shop
D:2:      layout_loops_ring, serial_undead, serial_undead_f, serial_undead_b,
          serial_undead_a, serial_undead_c, serial_bayou_pond_e,
          serial_bayou_ford_a, minmay_pentomino_s2, uniq_jessica
D:3:      layout_basic, general_overflow_altar, corexii_item_surrounded_by_moat,
          minmay_misc_feat_alley
D:4:      layout_gridville, minmay_temple_entry_grid
D:5:      layout_cave_pods, lemuel_doored_altar
D:6:      layout_cave_pools, ashenzari_altar_1, nicolae_stop_n_shop_2
Temple:   sentei_temple_godly_chess

Skill      XL: |  1  2  3  4  5  6  7 |
---------------+----------------------+-----
Stealth        | 1 2 3 4 |  4.0
Fighting       | 3 4 5 |  5.8
Dodging        | 3 4 5 |  5.3
Ranged Weapons | 5 6 |  6.5

Action                     |  1- 3 |  4- 6 |  7- 9 || total
---------------------------+-------+-------+-------++-------
   Fire: Shortbow          |    88 |   239 |   102 ||   429
 Invoke: Call Merchant     |       |     2 |       ||     2
    Use: Scroll            |     3 |    10 |     5 ||    18
 Armour: Leather armour    |     1 |    18 |     9 ||    28
  Dodge: Dodged            |    15 |    73 |    60 ||   148

Table legend: (Time is in decaauts)
 A = Elapsed time spent in this place.
 B = Non-inter-level travel time spent in this place.
 C = Inter-level travel time spent in this place.
 D = Time resting spent in this place.
 E = Time spent auto-exploring this place.
 F = Levels seen in this place.
 G = Mean time per level.
                   A        B        C        D        E       F      G
               +--------+--------+--------+--------+--------+-----+--------+
         Total |   4383 |   4152 |    231 |    129 |   3222 |   7 |  626.1 |
       Dungeon |   4363 |   4132 |    231 |    129 |   3222 |   6 |  727.2 |
        Temple |     20 |     20 |      0 |      0 |      0 |   1 |   20.0 |
               +--------+--------+--------+--------+--------+-----+--------+

Top non-repeatable levels by time:
     D:2: 1128 daAuts
     D:5: 971 daAuts
     D:4: 963 daAuts
     D:1: 708 daAuts
     D:3: 543 daAuts
     D:6: 46 daAuts
  Temple: 20 daAuts

Table legend:
 A = Kills in this place as a percentage of kills in the entire game.
 B = Kills by you in this place as a percentage of kills by you in the entire game.
 C = Kills by friends in this place as a percentage of kills by friends in the entire game.
 D = Other kills in this place as a percentage of other kills in the entire game.
 E = Experience gained in this place as a percentage of experience gained in the entire game.
 F = Experience gained in this place divided by the number of levels of this place that you have seen.
                   A       B       C       D       E      F
               +-------+-------+-------+-------+-------+----------------------
         Total | 100.0 | 100.0 |   N/A |   N/A | 100.0 | 185.7
       Dungeon | 100.0 | 100.0 |   N/A |   N/A | 100.0 | 216.7
               +-------+-------+-------+-------+-------+----------------------
